 Dungeon Crawl Stone Soup version 0.21-a0-104-g7b58145 (webtiles) character file.

35 Duffy the Firebug (level 3, 0/24 HPs)
             Began as a Demonspawn Fire Elementalist on July 5, 2017.
             Succumbed to an adder's poison
             ... on level 2 of the Dungeon.
             The game lasted 00:02:39 (1316 turns).

Duffy the Firebug (Demonspawn Fire Elementalist)    Turns: 1316, Time: 00:02:41

Health: 0/24       AC:  2    Str:  8    XL:     3   Next: 17%
Magic:  6/6        EV: 17    Int: 17    God:
Gold:   66         SH:  0    Dex: 18    Spells: 6/7 levels left

rFire    . . .     SeeInvis .   (no weapon)
rCold    . . .     Gourm    .   (no shield)
rNeg     + . .     Faith    .   a - +0 robe
rPois    .         Spirit   .   (no helmet)
rElec    .         Reflect  .   (no cloak)
rCorr    .         Harm     .   (no gloves)
MR       .....                  (no boots)
Stlth    +++.......             (no amulet)
HPRegen  0.08/turn              e - ring of wizardry
MPRegen  0.10/turn              m - ring of positive energy

@: agile, lethally poisoned (0 -> -2)
A: powered by death 1
a: no special abilities


You were on level 2 of the Dungeon.
You were not hungry.

You visited 1 branch of the dungeon, and saw 2 of its levels.

You collected 66 gold pieces.

Inventory:

Hand Weapons
 j - a +0 vampiric short sword
Armour
 a - a +0 robe (worn)
Jewellery
 e - a ring of wizardry (left hand)
 m - a ring of positive energy (right hand)
Scrolls
 h - 3 scrolls of fear
 i - 2 scrolls of enchant weapon
 k - a scroll of remove curse {unknown}
 l - 2 scrolls of fog
Books
 b - a book of Flames

   Spells                             Type                      Level
   a - Flame Tongue                   Conjuration/Fire             1
   b - Throw Flame                    Conjuration/Fire             2
   c - Conjure Flame                  Conjuration/Fire             3
   d - Inner Flame                    Hexes/Fire                   3
   e - Sticky Flame                   Conjuration/Fire             4
   f - Fireball                       Conjuration/Fire             5
Comestibles
 c - a bread ration
 d - 2 chunks of flesh
 f - a fruit
 n - a royal jelly


   Skills:
 - Level 1.7 Dodging
 - Level 1.7 Stealth
 + Level 2.5 Spellcasting
 + Level 2.4 Conjurations
 - Level 2.8 Fire Magic


You had 6 spell levels left.
You knew the following spells:

 Your Spells              Type           Power        Failure   Level  Hunger
a - Flame Tongue          Conj/Fire      ##...        2%          1    #......


Dungeon Overview and Level Annotations

Branches:
Dungeon (2/15)

Altars:


Innate Abilities, Weirdness & Mutations

You regenerate a little health from kills.


Message History

A kobold comes into view. It is wielding a dagger.
The kobold throws a stone.
The stone misses you. The adder bites you.
Things that are here:
a stone; a ring mail You feel sick.
The kobold throws a stone.
The stone closely misses you.
The kobold throws a stone.
The stone closely misses you. The adder completely misses you.
You feel sick.
The kobold throws a stone.
The stone hits you but does no damage.
You see here a stone.
The adder closely misses you. The adder bites you.
You feel sick. The adder barely misses you. The adder closely misses you.
You feel sick. The adder bites you.
As you read the scroll of fear, it crumbles to dust.
You assume a fearsome visage.
The kobold looks frightened!
The adder looks frightened!
The kobold looks frightened!
The adder looks frightened!
You die...

...><.......................%.#.
##.#.....##..##.........#####...
#.#.#.#.##..##.......(.#####.. #
#.#.#.#.#........K........#
#.#.#.#.#.####..K............
#.#.#.#(#......S#####.#...###
#.#.#.#.#......K# ###.#...#
#.#.....#..####S###.......#
#.###)#### #@..#.#.#...#
#.#.....# # #...#.#.#....
#.#.#.#.##.# #...#.#.# .
#..........# #...#.#
#######.#######.###.#
#..........# #.#
#.#........###.#
#.'.....).)....#
#####............#


You could see 2 adders and 2 kobolds.

Vanquished Creatures
  A dart slug (D:1)
  3 bats
  A giant cockroach (D:1)
  4 hobgoblins
  5 jackals (D:1)
  8 kobolds
  3 frilled lizards
  6 rats
31 creatures vanquished.

Notes
Turn   | Place    | Note
-------+----------+-------------------------------------------
     0 | D:1      | Duffy the Demonspawn Fire Elementalist began the quest for the Orb.
     0 | D:1      | Reached XP level 1. HP: 13/13 MP: 3/3
   303 | D:1      | Gained mutation: You regenerate a little health from kills. [demonic ancestry]
   303 | D:1      | Reached XP level 2. HP: 19/19 MP: 3/5
  1075 | D:2      | Reached XP level 3. HP: 24/24 MP: 3/6
  1313 | D:2      | HP: 1/24 [adder (3)]
  1316 | D:2      | Succumbed to an adder's poison

Vault maps used:
D:1:      eino_arrival_tree_alley

Skill      XL: |  1  2 |
---------------+-------+-----
Conjurations   | 2 |  2.4
Dodging        | |  1.7
Stealth        | |  1.7
Spellcasting   | |  2.5
Fire Magic     | |  2.8

Action                   || total
-------------------------++-------
Melee: Unarmed           ||     1
 Cast: Flame Tongue      ||    64
  Use: Scroll            ||     4
       Potion            ||     2
  Eat: Chunk             ||     2
Armor: Robe              ||     9
Dodge: Dodged            ||    45
